 Dungeon Crawl Stone Soup version 0.30.0-19-g36f170ea60 (webtiles) character file.

Game seed: 2351349458931682204

179 tizbic2 the Shooter (level 5, 0/46 HPs)
             Began as a Hill Orc Hunter on May 27, 2023.
             Was an Initiate of Okawaru.
             Slain by Pikel
             ... wielding a +2 whip of flaming
              (7 damage)
             ... on level 4 of the Dungeon.
             The game lasted 00:13:43 (3919 turns).

tizbic2 the Shooter (Hill Orc Hunter)               Turns: 3919, Time: 00:13:43

Health: 0/46       AC:  5    Str: 18    XL:     5   Next: 59%
Magic:  5/5        EV: 11    Int:  8    God:    Okawaru [......]
Gold:   232        SH:  0    Dex: 15    Spells: 4/4 levels left

rFire   . . .        a - +2 spear (freeze)
rCold   . . .        (no shield)
rNeg    . . .        p - +0 ring mail
rPois   .            (no helmet)
rElec   .            (no cloak)
rCorr   .            (no gloves)
SInv    .            (no boots)
Will    +....        (no amulet)
Stlth   +            g - ring of willpower
HPRegen 0.27/turn    (no ring)
MPRegen 0.09/turn

%: no passive effects
@: no status effects
A: high MP 1, strong 1
a: Renounce Religion


You were on level 4 of the Dungeon.
You worshipped Okawaru.
Okawaru was noncommittal.
You visited 2 branches of the dungeon, and saw 5 of its levels.

You collected 232 gold pieces.

Inventory:

Hand Weapons
 a - a +2 spear of freezing (weapon)
 w - a +3 sling
Armour
 p - a +0 ring mail (worn)
 r - a +0 scale mail
Jewellery
 g - a ring of willpower (left hand)
Wands
 q - a wand of polymorph (2)
Scrolls
 b - a scroll of immolation
 m - 2 scrolls of fear
 t - a scroll of teleportation {unknown}
Potions
 e - a potion of mutation
 h - 6 potions of lignification {unknown}
 i - 2 potions of curing {unknown}
 j - a potion of haste
 l - 3 potions of brilliance {unknown}
 o - 2 potions of heal wounds
 s - a potion of berserk rage


   Skills:
 - Level 3.8 Fighting
 + Level 5.2 Ranged Weapons
 - Level 1.5 Dodging
 - Level 0.7 Stealth
 * Level 2.1 Shields


You had 4 spell levels left.
You didn't know any spells.
Your spell library contained the following spells:

 Spells                   Type           Power      Damage    Failure   Level
 Apportation              Tloc           0%         N/A       61%         1
 Alistair's Intoxication  Tmut/Pois      0%         N/A       100%        5


Dungeon Overview and Level Annotations

Branches:
Dungeon (4/15)             Temple (1/1) D:4

Altars:
Ashenzari
Cheibriados
Dithmenos
Elyvilon
Gozag
Hepliaklqana
Kikubaaqudgha
Makhleb
Nemelex Xobeh
Okawaru
Qazlal
Ru
Sif Muna
Uskayaw
Xom
Yredelemnul
Zin

Shops:
D:3 *

Annotations:
D:4 Pikel


Innate Abilities, Weirdness & Mutations

You have an increased reservoir of magic. (+10% MP)
Your muscles are strong. (Str +4, Int/Dex -1)


Message History

A goblin comes into view. It is wielding a +0 club.
The goblin shouts!
You shoot a sling bullet. The sling bullet hits the goblin!
You kill the goblin!
Okawaru accepts your kill.
Things that are here:
a +0 club; a goblin corpse Pikel shouts!
The lemure shouts! x2
You shoot a sling bullet. The sling bullet hits Pikel!
Pikel is moderately wounded.
Pikel attacks as you move away!
Pikel hits you with a +2 whip of flaming.
Pikel burns you.
You shoot a sling bullet. The sling bullet closely misses Pikel.
The sling bullet hits the lemure.
The lemure is lightly wounded.
Pikel hits you with a +2 whip of flaming!
Pikel burns you.
You shoot a sling bullet. The sling bullet closely misses Pikel.
The sling bullet hits the lemure.
The lemure is moderately wounded.
Pikel hits you but does no damage.
You shoot a sling bullet. The sling bullet hits Pikel.
Pikel is moderately wounded.
Pikel waves his whip at you. Pikel completely misses you.
Your +2 spear of freezing glows with a cold blue light!
a - a +2 spear of freezing (weapon)
Pikel hits you with a +2 whip of flaming!
Pikel burns you.
You hit Pikel but do no damage.
Pikel is moderately wounded.
Pikel hits you with a +2 whip of flaming!
* * * LOW HITPOINT WARNING * * *
Pikel burns you.
* * * LOW HITPOINT WARNING * * *
You closely miss Pikel.
Pikel is moderately wounded.
Pikel hits you with a +2 whip of flaming!
You die...

#5# #.#
##.#############
#.# #.# #.# #.#
#.# #.# #.######
#.## #.#
#.##.5.###..##
#.#
#....#55รท55..#
#.#
####..5####..#
#.# #####
#..######.#
#.555K@..!#
#######
#.#########
......# #.#
#####.#####.#
#.......#
#########


You could see Pikel and 3 lemures.

Vanquished Creatures
  A lemure (D:3)
  4 gnolls
  4 adders
  6 worms
  3 dart slugs
  2 orcs (D:4)
  4 bats
  7 endoplasms
  5 giant cockroaches
  6 hobgoblins
  3 quokkas
  7 ball pythons
  3 frilled lizards
  11 goblins
  7 kobolds
  5 rats
78 creatures vanquished.

Notes
Turn   | Place    | Note
-------+----------+-------------------------------------------
     0 | D:1      | tizbic2 the Hill Orc Hunter began the quest for the Orb.
     0 | D:1      | Reached XP level 1. HP: 18/18 MP: 1/1
   319 | D:1      | Reached XP level 2. HP: 25/25 MP: 2/2
   453 | D:1      | Reached skill level 4 in Ranged Weapons
   490 | D:1      | Reached XP level 3. HP: 31/31 MP: 3/3
  1492 | D:2      | Reached XP level 4. HP: 38/38 MP: 4/4
  2259 | D:3      | Reached skill level 5 in Ranged Weapons
  2440 | D:3      | Found Rahin's General Store.
  2541 | D:3      | Reached XP level 5. HP: 46/46 MP: 5/5
  2552 | D:3      | Reached skill level 1 in Shields
  2854 | D:4      | Found a shadowy altar of Dithmenos.
  2878 | D:4      | Found a stormy altar of Qazlal.
  3079 | D:4      | Found an iron altar of Okawaru.
  3094 | D:4      | Became a worshipper of Warmaster Okawaru
  3134 | D:4      | Found a staircase to the Ecumenical Temple.
  3176 | Temple   | Entered the Ecumenical Temple
  3471 | D:4      | Found an ancient bone altar of Kikubaaqudgha.
  3554 | D:4      | Gained mutation: Your muscles are strong. (Str +4, Int/Dex
                  | -1) [potion of mutation]
  3554 | D:4      | Gained mutation: You have an increased reservoir of magic.
                  | (+10% MP) [potion of mutation]
  3580 | D:4      | Noticed Pikel
  3580 | D:4      | Noticed a lemure
  3580 | D:4      | Noticed a lemure
  3580 | D:4      | Noticed a lemure
  3582 | D:4      | Noticed a lemure
  3685 | D:3      | Killed a lemure
  3919 | D:4      | Slain by Pikel

Illustrated notes

Levels and vault maps discovered:
D:1:      giann_wishing_wells, layout_basic, chequers_serial_rivers_large_b
D:2:      layout_basic
D:3:      layout_loops_cross, serial_shops, nicolae_shop_real_fake_doors
D:4:      layout_loops_ring, kennysheep_okawaru_gauntlet, kennysheep_mini,
          mainiacjoe_overflow_catwalk, lemuel_round_altar,
          minmay_temple_entry_poolview, st_stairs_12, chequers_decorated_corner,
          uniq_pikel
Temple:   nicolae_temple_bog_church

Skill      XL: |  1  2  3  4  5 |
---------------+----------------+-----
Ranged Weapons | 4 5 |  5.2
Fighting       | 3 |  3.8
Shields        | 2 |  2.1
Dodging        | |  1.5
Stealth        | |  0.7

Action                     |  1- 3 |  4- 6 || total
---------------------------+-------+-------++-------
  Melee: Spear             |       |    13 ||    13
   Fire: Shortbow          |    21 |       ||    21
         Sling             |    77 |   111 ||   188
    Use: Scroll            |     7 |     8 ||    15
         Potion            |       |     2 ||     2
 Armour: Leather armour    |     3 |    10 ||    13
         Ring mail         |       |    10 ||    10
  Dodge: Dodged            |    15 |    30 ||    45
